 Dungeon Crawl Stone Soup version 0.18.1-8-gdd0e5ea (webtiles) character file.

63 shmeve the Shield-Bearer (level 4, -1/37 HPs)
             Began as a Formicid Fighter on May 27, 2016.
             Slain by a kobold
             ... wielding a +0 whip
              (2 damage)
             ... on level 2 of the Dungeon.
             The game lasted 00:02:00 (693 turns).

shmeve the Shield-Bearer (Formicid Fighter)          Turns: 693, Time: 00:02:01

Health: -1/37      AC:  6    Str: 22    XL:     4   Next: 31%
Magic:  4/4        EV:  8    Int:  7    God:
Gold:   41         SH:  9    Dex: 10    Spells: 0 memorised, 3 levels left

rFire  . . .     SeeInvis +     a - +0 war axe
rCold  . . .     Gourm    .     b - +0 scale mail
rNeg   . . .     Faith    .     c - +0 shield
rPois  .         Spirit   .     (helmet unavailable)
rElec  .         Dismiss  .     (no cloak)
rCorr  .         Reflect  .     (no gloves)
SustAt .         Harm     .     (no boots)
MR     .....                    (no amulet)
Stlth  ..........               (no ring)
                                (no ring)

@: not resistant to hostile enchantments, extremely unstealthy
A: permanent stasis, dig shafts and tunnels, four strong arms, antennae 3
a: Dig, Shaft Self


You were on level 2 of the Dungeon.
You were not hungry.

You visited 1 branch of the dungeon, and saw 2 of its levels.

You collected 41 gold pieces.

Inventory:

Hand Weapons
 a - a +0 war axe (weapon)
Armour
 b - a +0 scale mail (worn)
 c - a +0 shield (worn)
Scrolls
 e - a scroll of teleportation {unknown}
 i - 2 scrolls of remove curse {unknown}
Potions
 d - a potion of might
 g - a potion of cancellation {unknown}
Comestibles
 f - 2 bread rations
 h - 2 fruits
 j - a meat ration


   Skills:
 * Level 3.8 Fighting
 * Level 2.6 Axes
 + Level 3.5 Armour
 * Level 1.1 Dodging
 * Level 4.3 Shields


You had 3 spell levels left.
You didn't know any spells.

Dungeon Overview and Level Annotations

Branches:
Dungeon (2/15)

Altars:


Innate Abilities, Weirdness & Mutations

You are under a permanent stasis effect.
You can dig through walls and to a lower floor.
Your four strong arms can wield two-handed weapons with a shield.
You have a pair of large antennae on your head (SInv).


Message History

The jackal bites you but does no damage.
The gnoll hits you but does no damage.
The giant cockroach bites you but does no damage.
The gnoll hits you but does no damage. You block the jackal's attack.
The kobold hits you with a whip.
* * * LOW HITPOINT WARNING * * *
You block the gnoll's attack. The gnoll hits you but does no damage.
The giant cockroach bites you.
* * * LOW HITPOINT WARNING * * *
You barely miss the gnoll.
The gnoll is severely wounded.
You closely miss the kobold. You barely miss the jackal. You hit the gnoll.
The gnoll is heavily wounded.
You closely miss the giant cockroach.
The giant cockroach is heavily wounded.
The jackal bites you.
* * * LOW HITPOINT WARNING * * *
The giant cockroach completely misses you.
The kobold hits you with a whip.
You die...

# #.. # .. #+# ...# #
#.##.# ....# # #..#!#
#....# # #.#.# #....#
#
######...########....#
#
......h)g............#
#
.....gK@(.((.........#
#
......gs>............#
#
..?...b#.............#
#
.......#.########....#
# .......#.# #....# #
.......#.# #....# #
.......#.# #....# #
.......#.# #....###
#......#


You could see 2 gnolls, a jackal, a giant cockroach, a hobgoblin, a bat and a
kobold.

Vanquished Creatures
  2 gnolls (D:2)
  An adder (D:2)
  A giant gecko (D:1)
  A giant cockroach (D:1)
  6 goblins
  4 hobgoblins (D:1)
  3 jackals (D:2)
  A bat (D:1)
  6 kobolds
  8 rats
33 creatures vanquished.

Notes
Turn   | Place    | Note
--------------------------------------------------------------
     0 | D:1      | shmeve the Formicid Fighter began the quest for the Orb.
     0 | D:1      | Reached XP level 1. HP: 18/18 MP: 1/1
   106 | D:1      | Reached XP level 2. HP: 22/24 MP: 2/2
   342 | D:1      | Reached XP level 3. HP: 26/29 MP: 3/3
   582 | D:2      | Reached skill level 1 in Dodging
   582 | D:2      | Reached skill level 4 in Shields
   691 | D:2      | Reached XP level 4. HP: 13/37 MP: 4/4
   693 | D:2      | HP: 1/37 [jackal (1)]
   693 | D:2      | Slain by a kobold

Skill      XL: |  1  2  3 |
---------------+----------+-----
Dodging        | 1 |  1.1
Shields        | 4 |  4.3
Fighting       | |  3.8
Axes           | |  2.6
Armour         | |  3.5

Action                   |  1- 3 |  4- 6 || total
-------------------------+-------+-------++-------
Melee: War axe           |    84 |     2 ||    86
Armor: Scale mail        |    50 |     5 ||    55
Dodge: Dodged            |    41 |     2 ||    43
Block: Shield            |    53 |     4 ||    57
